 Dungeon Crawl Stone Soup version 0.26-a0-831-g7192265339 (webtiles) character file.

Game seed: 2197537675534542057

93 marklar909 the Insei (level 4, -5/35 HPs)
             Began as a Draconian Transmuter on Nov 15, 2020.
             Slain by Grinder (8 damage)
             ... on level 3 of the Dungeon.
             The game lasted 00:10:46 (2665 turns).

marklar909 the Insei (Draconian Transmuter)         Turns: 2665, Time: 00:10:46

Health: -5/35      AC:  6    Str: 12    XL:     4   Next: 37%
Magic:  8/8        EV: 12    Int: 13    God:
Gold:   98         SH:  0    Dex: 13    Spells: 6/9 levels left

rFire    . . .     SeeInvis +     - Unarmed
rCold    . . .     Faith    .   (no shield)
rNeg     . . .     Spirit   .   (armour unavailable)
rPois    .         Reflect  .   (helmet currently unavailable)
rElec    .         Harm     .   (no cloak)
rCorr    .         Rampage  .   h - +0 pair of gloves
MR       .....                  (boots currently unavailable)
Stlth    +.........             (no amulet)
HPRegen  0.11/turn              f - ring of see invisible
MPRegen  0.11/turn              (no ring)

@: brilliant, appendages (expiring)
A: unfitting armour, horns 2, talons 2, cold-blooded, AC +5
a: End Transformation


You were on level 3 of the Dungeon.
You had grown temporary horns.
You had grown temporary talons.
You visited 1 branch of the dungeon, and saw 3 of its levels.

You collected 98 gold pieces.

Inventory:

Armour
 h - a +0 pair of gloves (worn)
Jewellery
 f - a ring of see invisible (left hand)
 m - an uncursed amulet of magic regeneration
Scrolls
 b - 2 scrolls of identify {unknown}
 c - 2 scrolls of remove curse {unknown}
 d - a scroll of enchant armour {unknown}
 j - a scroll of magic mapping {unknown}
 n - a scroll of blinking {unknown}
Potions
 e - a potion of ambrosia {unknown}
 g - a potion of flight {unknown}
 i - a potion of curing {unknown}
 k - a potion of might {unknown}
 l - a potion of heal wounds {unknown}


   Skills:
 * Level 1.5 Fighting
 * Level 2.2 Dodging
 + Level 0.2 Stealth
 + Level 3.8 Unarmed Combat
 - Level 3.0 Spellcasting
 * Level 2.3 Transmutations


You had 6 spell levels left.
You knew the following spells:

 Your Spells              Type           Power        Failure   Level
a - Beastly Appendage     Tmut           ##....       9%          1
b - Wereblood             Tmut           ##......     14%         2

Your spell library contained the following spells:

 Spells                   Type           Power        Failure   Level
 Spider Form              Tmut/Pois      #.........   41%         3
 Ice Form                 Ice/Tmut       #.......     82%         4
 Blade Hands              Tmut           ##........   94%         5


Dungeon Overview and Level Annotations

Branches:
Dungeon (3/15)

Altars:

Annotations:
D:3 Grinder


Innate Abilities, Weirdness & Mutations

Your plain brown scales are hard. (AC +5)
You cannot fit into any form of body armour.
You are cold-blooded and may be slowed by cold attacks.
You have a pair of horns on your head.
You have razor-sharp toenails.


Message History

Grinder is lightly wounded.
Grinder gestures at you. Pain shoots through your body!
You closely miss Grinder. Your kick misses Grinder. You headbutt Grinder.
You tail-slap Grinder.
Grinder is moderately wounded.
Your transformation is almost over.
Grinder gestures at you.
You suddenly lose the ability to move!
Grinder hits you. x2
You writhe in agony.
Grinder hits you. Grinder gestures at you. Pain shoots through your body!
* * * LOW HITPOINT WARNING * * *
You can move again.
It was a potion of brilliance.
You feel clever all of a sudden. Grinder hits you!
You die...

######## ##....#.# ##......#
###...@5.## #....†..## #
######.##.#### ###
#......>..# #.. #.####..###
#.. #.#
#....################..
#.####......................
#........#..................
#......###.###.#############


You could see Grinder.

Vanquished Creatures
  2 adders (D:2)
  3 dart slugs
  5 leopard geckos (D:2)
  3 orcs (D:3)
  2 giant cockroaches (D:2)
  8 goblins
  13 hobgoblins
  7 kobolds
  A quokka (D:2)
  4 bats
  2 frilled lizards
  8 rats
58 creatures vanquished.

Notes
Turn   | Place    | Note
-------+----------+-------------------------------------------
     0 | D:1      | marklar909 the Draconian Transmuter began the quest for the
                  | Orb.
     0 | D:1      | Reached XP level 1. HP: 16/16 MP: 3/3
   169 | D:1      | Reached XP level 2. HP: 14/23 MP: 3/5
  1348 | D:2      | Reached XP level 3. HP: 28/28 MP: 4/6
  1937 | D:2      | Reached XP level 4. HP: 33/35 MP: 6/8
  2143 | D:2      | Learned a level 2 spell: Wereblood
  2563 | D:3      | Upgraded the game from 0.26-a0-818-g75db068ed4 to
                  | 0.26-a0-831-g7192265339
  2626 | D:3      | Noticed Grinder
  2648 | D:3      | Paralysed by Grinder for 5 turns
  2660 | D:3      | Paralysed by Grinder for 4 turns
  2665 | D:3      | Slain by Grinder

Illustrated notes

Levels and vault maps discovered:
D:1:      nicolae_arrival_somewhat_less_tricky_arrival, layout_basic,
          minmay_pentomino_v4
D:2:      layout_basic
D:3:      layout_basic, serial_curves, eino_curves_03, eino_curves_01,
          uniq_robin, uniq_crazy_yiuf_cottage, uniq_jessica, uniq_grinder

Skill      XL: |  1  2  3  4 |
---------------+-------------+-----
Dodging        | 2 |  2.2
Spellcasting   | 3 |  3.0
Fighting       | |  1.5
Stealth        | |  0.2
Unarmed Combat | |  3.8
Transmutations | |  2.3

Action                   |  1- 3 |  4- 6 || total
-------------------------+-------+-------++-------
Melee: Unarmed           |   116 |    57 ||   173
       Headbutt          |    15 |     6 ||    21
       Tailslap          |     8 |     7 ||    15
       Kick              |    17 |    13 ||    30
       Punch             |     1 |       ||     1
 Cast: Beastly Appendage |    23 |     8 ||    31
  Use: Potion            |       |     1 ||     1
Armor: Skin              |    41 |    12 ||    53
Dodge: Dodged            |    90 |    22 ||   112

Table legend: (Time is in decaauts)
 A = Elapsed time spent in this place.
 B = Non-inter-level travel time spent in this place.
 C = Inter-level travel time spent in this place.
 D = Time resting spent in this place.
 E = Time spent auto-exploring this place.
 F = Levels seen in this place.
 G = Mean time per level.
                   A        B        C        D        E       F      G
               +--------+--------+--------+--------+--------+-----+--------+
         Total |   2652 |   2539 |    113 |    111 |   1995 |   3 |  884.0 |
       Dungeon |   2652 |   2539 |    113 |    111 |   1995 |   3 |  884.0 |
               +--------+--------+--------+--------+--------+-----+--------+

Top non-repeatable levels by time:
     D:2: 1191 daAuts
     D:1: 1166 daAuts
     D:3: 294 daAuts
